 Dungeon Crawl Stone Soup version 0.19-a0-659-g8260ecf (webtiles) character file.

4771 sudo the Conjurer (level 10, -6/79 HPs)
             Began as a Demonspawn Gladiator on June 15, 2016.
             Was a Priest of Ru.
             Mangled by a mottled dragon (7 damage)
             ... on level 11 of the Dungeon.
             The game lasted 00:20:05 (8876 turns).

sudo the Conjurer (Demonspawn Gladiator)            Turns: 8876, Time: 00:20:06

Health: -6/79      AC: 14    Str: 16      XL:     10   Next: 23%
Magic:  15/20      EV: 11    Int: 12      God:    Ru [***...]
Gold:   198        SH:  0    Dex: 10 (14) Spells: 1 memorised, 17 levels left

rFire  . . .     SeeInvis .     a - +1 long sword
rCold  + . .     Gourm    .     D - +0 ring mail {rF+}
rNeg   . . .     Faith    .     (no shield)
rPois  .         Spirit   .     B - +1 helmet
rElec  +         Dismiss  .     (no cloak)
rCorr  +         Reflect  .     j - +0 pair of gloves
SustAt .         Harm     .     (no boots)
MR     .....     Clarity  +     (no amulet)
Stlth  +.........               x - ring of resist corrosion
                                e - ring of protection from cold

@: exhausted, liquid flames, about to teleport, very slightly contaminated,
glowing, drained, not resistant to hostile enchantments, very unstealthy
A: talons 2, icy blue scales 3, clarity, deterioration 1, high mp 1, robust 1,
shaggy fur 1, electricity resistance, temperature sensitive
a: Draw Out Power, Renounce Religion


You were on level 11 of the Dungeon.
You worshipped Ru.
Ru was most pleased with you.
You were not hungry.

You visited 2 branches of the dungeon, and saw 10 of its levels.

You collected 302 gold pieces.
You spent 104 gold pieces at shops.

Inventory:

Hand Weapons
 a - a +1 long sword (weapon)
Missiles
 d - 3 throwing nets (quivered)
Armour
 j - a +0 pair of gloves (worn)
 y - a +0 scale mail of poison resistance
 B - a +1 helmet (worn)
 D - a +0 ring mail of fire resistance (worn)
Jewellery
 c - an uncursed ring of sustain attributes {unknown}
 e - a ring of protection from cold (left hand)
 g - an uncursed ring of flight
 x - a ring of resist corrosion (right hand)
Wands
 n - a wand of teleportation (0/9)
 o - a wand of slowing (23/48)
 p - a wand of confusion (15/48)
 r - a wand of iceblast (0/15)
 z - a wand of lightning (0/15)
 G - a wand of iceblast (0/15)
Scrolls
 b - 3 scrolls of enchant armour
 h - a scroll of fog
 i - 4 scrolls of remove curse
 k - a scroll of noise
 A - 3 scrolls of magic mapping
 F - a scroll of enchant weapon
Potions
 t - a potion of resistance
 v - a potion of magic
 w - a potion of brilliance
Books
 m - a book of Clouds

   Spells                             Type                      Level
   a - Mephitic Cloud                 Conjuration/Poison/Air       3
   b - Conjure Flame                  Conjuration/Fire             3
   c - Poisonous Cloud                Conjuration/Poison/Air       6
   d - Freezing Cloud                 Conjuration/Ice/Air          6
   e - Ring of Flames                 Charms/Fire                  7
Comestibles
 f - 2 bread rations
 u - 5 meat rations
 E - 7 fruits


   Skills:
 + Level 4.2(3.9) Fighting
 + Level 5.3(4.9) Long Blades
 - Level 2.0(1.7) Throwing
 + Level 3.6(3.2) Armour
 + Level 4.3(4.0) Dodging
 - Level 3.7(3.3) Stealth
 * Level 5.8(5.5) Spellcasting
 * Level 6.2(5.8) Conjurations
 * Level 6.2(5.9) Air Magic
 + Level 1.0(0.6) Poison Magic
 - Level 1.7(1.3) Evocations


You had 17 spell levels left.
You knew the following spells:

 Your Spells              Type           Power        Failure   Level  Hunger
a - Mephitic Cloud        Conj/Pois/Air  ##......     21%         3    ###....


Dungeon Overview and Level Annotations

Branches:
Dungeon (8/15)             Temple (1/1) D:4
   Lair: D:8-11

Altars:
Ashenzari
Dithmenos
Fedhas
Hepliaklqana
Kikubaaqudgha
Makhleb
Nemelex Xobeh
Okawaru
Pakellas
Qazlal
Ru
Sif Muna
Trog
Uskayaw
Vehumet
Yredelemnul
Zin
The Shining One

Shops:
D:4 [

Annotations:
D:7 Shenda's ghost, novice GrFi


Innate Abilities, Weirdness & Mutations

You have razor-sharp toenails.
You are completely covered in icy blue scales. (AC +4, EV -1, rC+)
You are sensitive to extremes of temperature. (rF-, rC-)
You possess an exceptional clarity of mind.
Your body sometimes deteriorates upon taking damage.
You have an increased reservoir of magic. (+10% MP)
You are robust. (+10% HP)
You are covered in fur. (AC +1)
You are resistant to electric shocks. (rElec)


Message History

The mottled dragon breathes sticky fire at you.
The sticky flame hits you!
You are covered in liquid flames!
You finish eating.
That bread ration really hit the spot!
Okay, then.
You feel better.
You are covered in liquid flames!
* * * LOW HITPOINT WARNING * * *
You redirect the mottled dragon's attack!
The mottled dragon bites itself.
The mottled dragon closely misses itself.
Evoke which item? (* to show all) (? for menu, Esc to quit)
Zapping:
n - a wand of teleportation {zapped: 2} (will waste charges)
Press: ? - help, Shift-Dir - straight line, f - you You feel strangely unstable.
Evoking this partially-identified wand wasted a few charges.
You are covered in liquid flames!
* * * LOW HITPOINT WARNING * * *
The mottled dragon bites you!
You die...

...#..)..#.....######
...#.....#.....#
...##'####.....#
....3......K...#
######...C...4.##
#..#####3..#####
..'..# #.......# .
#..# ##.D....#
######..# .##.@...#
......(.###+..##....#
...............##.)##
................##.#
##....####'##....###
#....#.....#.....#
#....#.....#.....##
#....#.....#......#
#....#.....#......#


You could see a rust devil, a kobold demonologist, a chaos spawn and a mottled
dragon.

Vanquished Creatures
  A hill giant (D:11)
  A gargoyle (D:11)
  A troll (D:11)
  Prince Ribbit (D:6)
  A shadow (D:11)
  2 hippogriffs (D:7)
  Menkaure (D:7)
  A sky beast (D:7)
  3 orc warriors
  An ice beast (D:8)
  A phantom (D:11)
  2 wasps
  A black bear (D:7)
  3 ogres
  The ghost of sudo the Slasher, an amateur DsGl (D:3)
  7 centaurs
  A big kobold (D:11)
  Blork the orc (D:6)
  4 giant frogs
  A gnoll sergeant (D:7)
  3 killer bees (D:6)
  3 crimson imps
  2 centaur zombies
  3 hounds
  7 orc priests
  5 worker ants
  Natasha (thrice) (D:4)
  2 orc wizards (D:11)
  7 adders
  3 gnolls (D:7)
  2 shadow imps (D:5)
  4 oozes
  An adder skeleton (D:3)
  An adder zombie (D:6)
  5 worms
  5 dart slugs
  9 giant geckos
  17 orcs
  4 giant cockroaches
  6 goblins
  5 hobgoblins
  10 jackals
  5 quokkas
  A ball python (D:3)
  6 bats
  A giant gecko skeleton (D:5)
  6 giant newts
  7 kobolds
  A quokka skeleton (D:4)
  11 rats
180 creatures vanquished.

Vanquished Creatures (others)
  A hound (D:6)
  An orc (D:11)
  A giant newt (D:6)
3 creatures vanquished.

Grand Total: 183 creatures vanquished

Notes
Turn   | Place    | Note
--------------------------------------------------------------
     0 | D:1      | sudo the Demonspawn Gladiator began the quest for the Orb.
     0 | D:1      | Reached XP level 1. HP: 16/16 MP: 1/1
   224 | D:1      | Gained mutation: You are partially covered in icy blue scales. (AC +1) [demonic ancestry]
   224 | D:1      | Reached XP level 2. HP: 18/22 MP: 2/2
   441 | D:1      | Gained mutation: You are mostly covered in icy blue scales. (AC +3, EV -1) [demonic ancestry]
   441 | D:1      | Reached XP level 3. HP: 28/28 MP: 3/3
  1137 | D:2      | Found a glowing silver altar of Zin.
  1137 | D:2      | Found a burning altar of Makhleb.
  1138 | D:2      | Noticed a balrug
  1138 | D:2      | Noticed an angel
  1273 | D:2      | Gained mutation: You are completely covered in icy blue scales. (AC +4, EV -1, rC+) [demonic ancestry]
  1273 | D:2      | Reached XP level 4. HP: 29/34 MP: 4/4
  1631 | D:2      | Reached skill level 1 in Armour
  1638 | D:2      | Found a deep blue altar of Sif Muna.
  1748 | D:3      | Found a radiant altar of Vehumet.
  1795 | D:3      | Reached XP level 5. HP: 41/41 MP: 5/5
  1833 | D:3      | Gained mutation: You regenerate slowly when monsters are visible. [potion of mutation]
  1833 | D:3      | Gained mutation: Your mind is acute. (Int +2) [potion of mutation]
  1833 | D:3      | Gained mutation: You are covered in fur. (AC +1) [potion of mutation]
  1834 | D:3      | Gained mutation: You are resistant to electric shocks. (rElec) [potion of mutation]
  1834 | D:3      | Gained mutation: You have sharp toenails. [potion of mutation]
  1895 | D:3      | Noticed sudo's ghost (amateur DsGl)
  1896 | D:3      | Reached skill level 1 in Stealth
  1940 | D:3      | Lost mutation: Your mind is acute. (Int +2) [potion of cure mutation]
  1940 | D:3      | Lost mutation: You have sharp toenails. [potion of cure mutation]
  1940 | D:3      | Lost mutation: You regenerate slowly when monsters are visible. [potion of cure mutation]
  2178 | D:3      | Killed sudo's ghost
  2396 | D:3      | Gained mutation: Armour fits poorly on your strangely shaped body. [potion of mutation]
  2396 | D:3      | Lost mutation: Armour fits poorly on your strangely shaped body. [potion of mutation]
  2764 | D:3      | Gained mutation: You have sharp toenails. [demonic ancestry]
  2764 | D:3      | Reached XP level 6. HP: 38/47 MP: 6/6
  2790 | D:3      | Learned a level 3 spell: Mephitic Cloud
  3031 | D:4      | Found a glowing golden altar of the Shining One.
  3115 | D:4      | Reached skill level 1 in Spellcasting
  3115 | D:4      | Reached skill level 1 in Conjurations
  3119 | D:4      | Reached skill level 1 in Air Magic
  3475 | D:4      | Found Okounioc's Antique Armour Emporium.
  3483 | D:4      | Bought a shiny scale mail for 104 gold pieces
  3513 | D:4      | Found a staircase to the Ecumenical Temple.
  3535 | Temple   | Entered the Ecumenical Temple
  3662 | Temple   | Became a worshipper of Ru the Awakened
  3714 | D:4      | Noticed Natasha
  3727 | D:4      | Killed Natasha
  3750 | D:4      | Noticed Natasha
  3754 | D:4      | Killed Natasha
  3845 | D:4      | Noticed Natasha
  3855 | D:4      | Killed Natasha
  3860 | D:5      | Entered Level 5 of the Dungeon
  3964 | D:5      | Reached XP level 7. HP: 52/52 MP: 10/10
  4446 | D:6      | Found a stormy altar of Qazlal.
  4503 | D:6      | Noticed Blork the orc
  4512 | D:6      | Killed Blork the orc
  4861 | D:6      | Gained mutation: You are sensitive to extremes of temperature. (rF-, rC-) [Ru sacrifice]
  4861 | D:6      | Reached * piety under Ru
  4861 | D:6      | Reached ** piety under Ru
  4861 | D:6      | Reached *** piety under Ru
  5177 | D:6      | Reached XP level 8. HP: 47/58 MP: 11/13
  5327 | D:6      | Noticed Prince Ribbit
  5378 | D:6      | Killed Prince Ribbit
  5789 | D:7      | Reached skill level 1 in Evocations
  5889 | D:7      | Noticed Menkaure
  5897 | D:7      | Killed Menkaure
  5897 | D:7      | Gained mutation: You have razor-sharp toenails. [demonic ancestry]
  5897 | D:7      | Reached XP level 9. HP: 25/64 MP: 14/16
  5908 | D:7      | Noticed Shenda's ghost (novice GrFi)
  6290 | D:7      | Reached skill level 5 in Conjurations
  6387 | D:7      | Reached skill level 5 in Air Magic
  6400 | D:7      | Reached skill level 5 in Spellcasting
  7069 | D:7      | Gained mutation: You possess an exceptional clarity of mind. [mutagenic meat]
  7070 | D:7      | Gained mutation: Your body sometimes deteriorates upon taking damage. [mutagenic meat]
  7071 | D:7      | Gained mutation: You are robust. (+10% HP) [mutagenic meat]
  7072 | D:7      | Gained mutation: You have an increased reservoir of magic. (+10% MP) [mutagenic meat]
  7351 | D:8      | You fall through a shaft for 3 floors!
  7764 | D:11     | Noticed a gargoyle
  7782 | D:11     | Killed a gargoyle
  7782 | D:11     | Reached skill level 5 in Long Blades
  8123 | D:11     | Reached XP level 10. HP: 19/78 MP: 14/20
  8836 | D:11     | Noticed a hill giant
  8840 | D:11     | Noticed a sun demon
  8865 | D:11     | Killed a hill giant
  8865 | D:11     | Reached skill level 1 in Poison Magic
  8873 | D:11     | Noticed a rust devil
  8874 | D:11     | HP: 3/79 [burnt (4)]
  8876 | D:11     | HP: 1/79 [burnt (8)]
  8876 | D:11     | Mangled by a mottled dragon

Vault maps used:
D:1:      sevenhm_arrival_forest_fort_large_1
D:2:      grunt_temple_overflow_order_and_chaos_2, led_sif_pool
D:3:      fiery_altar_vehumet, first_bread, serial_aquarium,
          aquarium_bridge_straight, aquarium_window_2, aquarium_window_fake,
          aquarium_view_2d, aquarium_view_2c, aquarium_pool_1
D:4:      nicolae_tso_swordbearing_angel, temple_doors_e, serial_shops, shop,
          grunt_ministairs_1, uniq_natasha
D:6:      lemuel_doored_altar, uniq_blork_the_orc, uniq_prince_ribbit1
D:7:      marbit_many_paths, nicolae_overflow_crystal_walls, uniq_menkaure
D:8:      erik_lair_orcish_takeover, minmay_lizard_king, uniq_psyche,
          uniq_erica, uniq_pikel
D:11:     grunt_livestock, nrook_mini_backslash, kennysheep_nondescript,
          billiards_dpeg
Temple:   triangle_lava_temple_12

Skill      XL: |  1  2  3  4  5  6  7  8  9 10 |
---------------+-------------------------------+-----
Long Blades    | 3 4 5 |  5.3
Throwing       | 2 |  2.0
Dodging        | 3 4 |  4.3
Armour         | 1 2 3 |  3.6
Fighting       | 3 4 |  4.2
Stealth        | 1 3 |  3.7
Spellcasting   | 2 3 4 5 |  5.8
Conjurations   | 1 3 4 6 |  6.2
Air Magic      | 1 3 4 5 6 |  6.2
Evocations     | 1 |  1.7
Poison Magic   | 1 |  1.0

Action                   |  1- 3 |  4- 6 |  7- 9 | 10-12 || total
-------------------------+-------+-------+-------+-------++-------
Melee: Long sword        |   121 |   209 |   424 |    55 ||   809
       Kick              |       |    16 |   122 |    19 ||   157
 Cast: Mephitic Cloud    |       |       |     9 |     7 ||    16
Invok: Sacrifice Resista |       |       |     1 |       ||     1
       Draw Out Power    |       |       |     1 |     1 ||     2
Evoke: Wand              |       |       |    12 |     7 ||    19
  Use: Potion            |       |     5 |     7 |     1 ||    13
       Scroll            |       |    10 |     8 |     1 ||    19
 Stab: Sleeping          |     1 |       |     1 |       ||     2
       Invisible         |       |       |     6 |       ||     6
       Confused          |       |       |     3 |     3 ||     6
       Distracted        |       |       |     1 |       ||     1
  Eat: Chunk             |     1 |     6 |     9 |       ||    16
       Royal jelly       |       |     1 |       |       ||     1
       Bread ration      |       |       |     2 |     1 ||     3
       Beef jerky        |       |       |     1 |       ||     1
       Pizza             |       |       |     2 |       ||     2
Armor: Leather armour    |    20 |       |       |       ||    20
       Chain mail        |    79 |   142 |       |       ||   221
       Scale mail        |       |     7 |       |       ||     7
       Ring mail         |       |     1 |   250 |    60 ||   311
       Skin              |       |       |     3 |       ||     3
Dodge: Dodged            |    77 |    74 |   288 |    93 ||   532
